 Dungeon Crawl Stone Soup version 0.28-a0-10-g964c8b829e (webtiles) character file.

Game seed: 1510787596766203288

218744 HAL9000 the Imperceptible (level 19, -2/96 HPs)
             Began as a Vine Stalker Brigand on July 23, 2021.
             Was the Champion of Dithmenos.
             Succumbed to an emperor scorpion's poison
             ... on level 3 of the Spider Nest on July 25, 2021.
             The game lasted 02:05:14 (32394 turns).

HAL9000 the Imperceptible (Vine Stalker Brigand)   Turns: 32394, Time: 02:05:15

Health: -2/96      AC: 30    Str: 22    XL:     19   Next: 12%
Magic:  28/28      EV: 11    Int: 15    God:    Dithmenos [******]
Gold:   3044       SH:  5    Dex: 17    Spells: 18/18 levels left

rFire   . . .      SeeInvis .   e - +8 eveningstar (protect)
rCold   + . .      Faith    .   Y - +0 buckler
rNeg    . . .      Spirit   +   k - +0 swamp dragon scales
rPois   +          Reflect  .   q - +1 helmet
rElec   +          Harm     .   U - +2 cloak
rCorr   +          Rampage  +   (no gloves)
Will    ++...                   b - +2 pair of boots {rampage} Stlth ******++++
                                R - amulet of regeneration
HPRegen 2.26/turn               I - ring "Unoolosi" {rElec rC+ rCorr Str+5 Stlth+}
MPRegen 0.21/turn               h - +4 ring of protection

@: lethally poisoned (-2 -> -23), unable to read, under a protective aura,
wreathed by umbra
A: fangs 3, regeneration 1, magic shield, antimagic bite, no potion heal 2,
inability to read while threatened
}: 1/15 runes: decaying
a: Renounce Religion, Shadow Step, Shadow Form


You were on level 3 of the Spider Nest.
You worshipped Dithmenos.
Dithmenos was exalted by your worship.
You visited 6 branches of the dungeon, and saw 32 of its levels.
You also visited: Bailey and Gauntlet.

You collected 3044 gold pieces.

Inventory:

Hand Weapons
 a - a +2 spectral dagger
 e - a +8 eveningstar of protection (weapon)
 B - a +2 dagger of holy wrath
Missiles
 d - a throwing net
 l - 19 javelins (quivered)
 n - 16 silver javelins
 r - 249 sling bullets
 D - 10 curare-tipped darts
 P - 12 atropa-tipped darts
Armour
 b - a +2 pair of boots of rampaging (worn)
 i - the +1 pair of gloves of the Endless Expanse {rF++ Will- Str+8 Int-5}
   (You found it on level 12 of the Dungeon)

   Str:       It affects your strength (+8).
   Int:       It affects your intelligence (-5).
   rF:        It greatly protects you from fire.
   Will:      It decreases your willpower.
 k - +0 swamp dragon scales (worn)
 q - a +1 helmet (worn)
 U - a +2 cloak (worn)
 Y - a +0 buckler (worn)
Jewellery
 c - an amulet of reflection
 h - a +4 ring of protection (right hand)
 s - a +4 ring of evasion
 I - the ring "Unoolosi" (left hand) {rElec rC+ rCorr Str+5 Stlth+}
   (You found it in a Gauntlet)

   [ring of protection from cold]

   Str:       It affects your strength (+5).
   rC:        It protects you from cold.
   rElec:     It insulates you from electricity.
   rCorr:     It protects you from acid and corrosion.
   Stlth:     It makes you more stealthy.
 J - a ring of see invisible
 Q - an amulet of the acrobat
 R - an amulet of regeneration (around neck)
 X - a ring of flight
Wands
 g - a wand of digging (4)
 y - a wand of acid (7)
 G - a wand of mindburst (21)
 V - a wand of iceblast (30)
Scrolls
 f - 2 scrolls of amnesia
 j - 5 scrolls of magic mapping
 o - 2 scrolls of silence
 z - 4 scrolls of holy word
 E - 9 scrolls of teleportation
 F - 5 scrolls of fear
 L - 5 scrolls of summoning
 O - 5 scrolls of identify
 S - a scroll of fog
 T - a scroll of blinking
Potions
 m - 3 potions of attraction
 p - 9 potions of brilliance
 t - 12 potions of curing
 u - 4 potions of haste
 x - 4 potions of magic
 A - 4 potions of resistance
 C - 2 potions of cancellation
 H - 3 potions of invisibility
 M - a potion of berserk rage
 N - 4 potions of ambrosia
 Z - 7 potions of might
Miscellaneous
 v - a phial of floods
 w - a phantom mirror
 K - a box of beasts


   Skills:
 - Level 9.1 Fighting
 - Level 10.3 Short Blades
 - Level 16.0 Maces & Flails
 - Level 6.1 Throwing
 - Level 9.0 Armour
 - Level 0.7 Dodging
 - Level 21.2 Stealth
 - Level 4.0 Shields
 + Level 10.6 Invocations


You had 18 spell levels left.
You didn't know any spells.
Your spell library contained the following spells:

 Spells                   Type           Power      Damage    Failure   Level
 Animate Skeleton         Necr           0%         N/A       36%         1
 Freeze                   Ice            0%         1d3       36%         1
 Magic Dart               Conj           0%         1d3       36%         1
 Pain                     Necr           0%         1d4       36%         1
 Shock                    Conj/Air       0%         1d3       36%         1
 Sting                    Tmut/Pois      0%         1d3       36%         1
 Summon Small Mammal      Summ           0%         N/A       36%         1
 Call Imp                 Summ           0%         N/A       52%         2
 Corpse Rot               Necr/Air       N/A        N/A       52%         2
 Poisonous Vapours        Pois/Air       0%         N/A       52%         2
 Searing Ray              Conj           0%         3d3       52%         2
 Static Discharge         Conj/Air       0%         N/A       52%         2
 Sublimation of Blood     Necr           0%         N/A       52%         2
 Wereblood                Tmut           0%         N/A       52%         2
 Call Canine Familiar     Summ           0%         N/A       75%         3
 Frozen Ramparts          Ice            0%         1d2       75%         3
 Mephitic Cloud           Conj/Pois/Air  0%         N/A       75%         3
 Ozocubu's Armour         Ice            0%         N/A       75%         3
 Stone Arrow              Conj/Erth      0%         3d7       75%         3
 Summon Guardian Golem    Hex/Summ       0%         N/A       75%         3
 Vampiric Draining        Necr           0%         2d6       75%         3
 Dispel Undead            Necr           0%         3d6       98%         4
 Fulminant Prism          Conj/Hex       0%         3d6       98%         4
 Hailstorm                Conj/Ice       0%         3d3       98%         4
 Ice Form                 Ice/Tmut       0%         N/A       98%         4
 Leda's Liquefaction      Hex/Erth       0%         N/A       98%         4
 Olgreb's Toxic Radiance  Pois           0%         N/A       98%         4
 Petrify                  Tmut/Erth      0%         N/A       98%         4
 Sticky Flame             Conj/Fire      0%         2d3       98%         4
 Summon Ice Beast         Ice/Summ       0%         N/A       98%         4
 Blade Hands              Tmut           0%         N/A       100%        5
 Bolt of Magma            Conj/Fire/Erth 0%         4d4       100%        5
 Irradiate                Conj/Tmut      0%         3d13      100%        5
 Lightning Bolt           Conj/Air       0%         1d11      100%        5
 Metabolic Englaciation   Hex/Ice        0%         N/A       100%        5
 Summon Forest            Summ/Tloc      0%         N/A       100%        5
 Summon Mana Viper        Hex/Summ       0%         N/A       100%        5
 Death Channel            Necr           0%         N/A       100%        6
 Shadow Creatures         Summ           N/A        N/A       100%        6
 Simulacrum               Ice/Necr       0%         N/A       100%        6
 Statue Form              Tmut/Erth      0%         N/A       100%        6
 Dragon Form              Tmut           0%         N/A       100%        7
 Summon Hydra             Summ           0%         N/A       100%        7
 Maxwell's Capacitive Co  Air            0%         ∞         100%        8
 Shatter                  Erth           0%         3d5*      100%        9


Dungeon Overview and Level Annotations

Branches:
Dungeon (15/15)            Temple (1/1) D:6            Lair (6/6) D:9
  Swamp (4/4) Lair:3       Spider (4/4) Lair:2        Slime (0/5) Lair:5
    Orc (2/2) D:11            Elf (0/3) Orc:2        Vaults (0/5) D:13
 Depths (0/5) D:15         Bailey (visited)         Gauntlet (visited)

Altars:
Ashenzari
Cheibriados
Dithmenos
Elyvilon
Fedhas
Gozag
Hepliaklqana
Kikubaaqudgha
Makhleb
Nemelex Xobeh
Okawaru
Qazlal
Ru
Sif Muna
Trog
Uskayaw
Vehumet
Wu Jian
Xom
Yredelemnul
Zin
The Shining One
Lugonu

Shops:
D:6 *!   Orc:1 (   Orc:2 [!((

Portals:
Trove: D:13 (give +5 demon trident)

Annotations:
Swamp:3 2 runed translucent doors, Sobaecef's ghost, adept MiFi


Innate Abilities, Weirdness & Mutations

You have razor-sharp teeth.
Your natural rate of healing is unusually fast.
When hurt, damage is shared between your health and your magic reserves.
Your bite disrupts and absorbs the magic of your enemies.
Potions cannot restore your health.
You sometimes lose the ability to read scrolls when taking damage.


Message History

The emperor scorpion is moderately wounded.
Your shadow closely misses the emperor scorpion.
You feel sick.
Unknown command.
You closely miss the emperor scorpion. Your bite misses the emperor scorpion.
The emperor scorpion is moderately wounded.
You feel sick.
The emperor scorpion stings you but does no damage.
The emperor scorpion claws you but does no damage.
The emperor scorpion closely misses you.
Unknown command.
You bludgeon the emperor scorpion!! You bite the emperor scorpion.
You drain its power.
You feel invigorated.
The emperor scorpion is heavily wounded.
Your shadow misses the emperor scorpion.
You feel sick. The emperor scorpion stings you!
* * * LOW HITPOINT WARNING * * *
The emperor scorpion barely misses you.
The emperor scorpion claws you but does no damage.
You thump the emperor scorpion! You bite the emperor scorpion!
You drain its power.
You feel invigorated.
The emperor scorpion is almost dead.
The emperor scorpion stings you!
* * * LOW HITPOINT WARNING * * *
You are lethally poisoned!
The emperor scorpion poisons you!
The emperor scorpion claws you but does no damage.
You block the emperor scorpion's attack.
You barely miss the emperor scorpion. You bite the emperor scorpion!
You drain its power.
You feel invigorated.
The emperor scorpion is almost dead.
* * * LOW HITPOINT WARNING * * *
You feel extremely sick.
Unknown command.
You cannot read scrolls in your current state!
Unknown command.
You thump the emperor scorpion!
You kill the emperor scorpion!
Dithmenos accepts your kill.
You die...

.#^^##....^......#..##.####..#
...##..<..####..#..#..## ####
##.#....#...#...#...##.##
#.#...###.....#.#......^#
##^...# ##.##.†####...###
##.### ###..>## ###.# ###
##.§§### ### ###§§§# ##@## ###


There were no monsters in sight!

Vanquished Creatures
  Nikola (Swamp:4)
  2 tentacled monstrosities (Swamp:3)
  A fire giant (D:15)
  2 orc warlords (Orc:2)
  4 ghost moths
  5 emperor scorpions
  2 entropy weavers (Spider:1)
  3 bunyips
  5 eleionomae
  Snorg (D:12)
  2 fire dragons
  Josephine (Swamp:1)
  A shambling mangrove (Swamp:4)
  23 hydras
  2 vault guards (D:13)
  2 boulder beetles
  A rakshasa (D:14)
  A death knight (D:13)
  A catoblepas (Lair:6)
  The ghost of Mitsuki the Destroyer, a journeyman DECj of Vehumet (D:12)
  5 ghost crabs
  2 centaur warriors
  3 alligators
  A tengu warrior (D:14)
  A dancing weapon (D:9)
  8 two-headed ogres
  3 death yaks
  3 orc high priests (Orc:2)
  Nergalle (D:11)
  Urug (Lair:2)
  Sonja (Lair:4)
  The ghost of hemabe71 the Charlatan, a novice HuAr of Trog (D:9)
  6 spriggan druids
  4 bog bodies
  3 skeletal warriors (D:13)
  2 wizards
  14 swamp dragons
  11 orc knights
  The ghost of Slaatcain the Cleaver, a novice HOFi of Beogh (D:6)
  A deep elf pyromancer (D:11)
  20 wolf spiders
  12 ugly things
  4 orc sorcerers (Orc:2)
  8 orb spiders
  2 cyclopes
  4 will-o-the-wisps
  4 manticores
  A moth of wrath (Spider:2)
  A guardian serpent (Lair:6)
  10 elephants (Lair:6)
  4 torpor snails
  4 black mambas
  An unseen horror (D:12)
  Joseph (D:7)
  A gargoyle (D:13)
  24 cane toads
  A rime drake (shapeshifter) (D:8)
  A minotaur zombie (Gauntlet)
  A freezing wraith (D:15)
  Maggie (D:7)
  3 rime drakes
  7 demonic crawlers
  15 komodo dragons
  A kobold demonologist (D:11)
  An efreet (D:13)
  A queen bee (D:12)
  A troll (shapeshifter) (D:15)
  15 jumping spiders
  4 meliai
  21 blink frogs
  7 tyrant leeches
  16 hornets
  2 bloated husks
  5 trolls
  9 slime creatures
  57 redbacks
  3 centaur simulacra
  9 spriggans
  19 tarantellas
  17 wyverns
  6 wraiths
  53 yaks
  4 basilisks
  3 steam dragons
  21 humans
  9 vampire mosquitoes
  Menkaure (D:7)
  18 swamp worms
  13 water moccasins
  2 acid dragons (Lair:6)
  8 swamp drakes
  30 orc warriors
  A sky beast (D:8)
  4 ogres
  10 wolves
  3 phantoms
  7 centaurs
  9 bullfrogs
  A gnoll sergeant (D:11)
  2 scorpions
  11 killer bees
  5 wights (D:9)
  7 howler monkeys
  9 electric eels
  3 jellies
  5 centaur zombies
  A bullfrog zombie (D:6)
  Crazy Yiuf (D:6)
  3 hounds (D:6)
  19 orc priests
  2 hell rats (Lair:5)
  19 orc wizards
  A statue (D:10)
  Robin (D:4)
  10 gnolls
  5 adders
  A howler monkey skeleton (D:6)
  9 river rats (Lair:5)
  2 shadow imps
  A white imp (Gauntlet)
  A howler monkey simulacrum (D:6)
  An ufetubus (D:6)
  2 worms (D:2)
  4 dart slugs
  99 orcs
  5 ball pythons
  6 bats
  5 endoplasms
  A giant cockroach (D:4)
  14 goblins
  10 hobgoblins
  8 iguanas
  2 jackals (D:4)
  A quokka (D:3)
  A frilled lizard (D:1)
  6 kobolds
  2 rats
939 creatures vanquished.

Vanquished Creatures (collateral kills)
  A minotaur (Gauntlet)
1 creature vanquished.

Vanquished Creatures (others)
  A goliath frog (Swamp:4)
  A wizard (D:13)
  A tyrant leech (Spider:3)
  An orc priest (Orc:2)
  An orc wizard (Orc:2)
  2 orcs (Orc:2)
  11 foxfires (Swamp:4)
  47 fungi
  112 plants
  20 withered plants (Gauntlet)
197 creatures vanquished.

Grand Total: 1137 creatures vanquished

Notes
Turn   | Place    | Note
-------+----------+-------------------------------------------
     0 | D:1      | HAL9000 the Vine Stalker Brigand began the quest for the
                  | Orb.
     0 | D:1      | Reached XP level 1. HP: 11/11 MP: 2/2
   108 | D:1      | Found a faded altar of an unknown god.
   408 | D:1      | Reached XP level 2. HP: 15/15 MP: 3/3
   944 | D:2      | Reached XP level 3. HP: 13/18 MP: 4/4
  1719 | D:2      | Gained mutation: Your natural rate of healing is unusually
                  | fast. [Vine Stalker growth]
  1719 | D:2      | Reached XP level 4. HP: 19/23 MP: 5/5
  1964 | D:3      | Found a shimmering altar of Xom.
  2331 | D:3      | Found an ornate altar of the Wu Jian Council.
  2419 | D:3      | Reached XP level 5. HP: 20/26 MP: 4/6
  2445 | D:3      | Noticed an ogre
  2460 | D:3      | Killed an ogre
  2461 | D:3      | Reached skill level 5 in Throwing
  2492 | D:3      | Found a sacrificial altar of Ru.
  2674 | D:3      | Reached XP level 6. HP: 30/30 MP: 7/7
  3014 | D:4      | Noticed Robin
  3063 | D:4      | Killed Robin
  3206 | D:4      | Found an ancient bone altar of Kikubaaqudgha.
  3554 | D:5      | Entered Level 5 of the Dungeon
  3754 | D:5      | Reached XP level 7. HP: 33/34 MP: 8/8
  4149 | D:5      | Reached skill level 5 in Short Blades
  4594 | D:6      | Found a staircase to the Ecumenical Temple.
  4650 | D:6      | Found a runed translucent door.
  4651 | D:6      | Noticed Crazy Yiuf
  4693 | D:6      | Killed Crazy Yiuf
  5096 | D:6      | Found Xaiziw's General Store.
  5146 | D:6      | Found a runed translucent gate.
  5158 | D:6      | Gained mutation: You have razor-sharp teeth. [Vine Stalker
                  | growth]
  5158 | D:6      | Reached XP level 8. HP: 38/38 MP: 9/9
  5189 | D:6      | Found Ejir's Distillery.
  5255 | Temple   | Entered the Ecumenical Temple
  5369 | Temple   | Became a worshipper of Dithmenos the Shadowed
  5431 | D:6      | Found a runed translucent gate.
  5431 | D:6      | Found a runed translucent gate.
  5431 | D:6      | Noticed Slaatcain's ghost (novice HOFi)
  5722 | D:7      | Noticed Joseph
  5755 | D:7      | Noticed Maggie
  6184 | D:7      | Killed Maggie
  6455 | D:7      | Noticed Menkaure
  6472 | D:7      | Killed Menkaure
  6498 | D:7      | Reached XP level 9. HP: 44/44 MP: 10/10
  6525 | D:7      | Killed Joseph
  6645 | D:7      | Found a bloodstained altar of Trog.
  6899 | D:8      | Noticed a rime drake
  6925 | D:8      | Killed a rime drake
  6926 | D:8      | Reached skill level 6 in Stealth
  7062 | D:8      | Found a burning altar of Makhleb.
  7087 | D:8      | Noticed a two-headed ogre
  7128 | D:8      | Killed a two-headed ogre
  7129 | D:8      | Reached skill level 10 in Short Blades
  7136 | D:8      | Reached XP level 10. HP: 50/50 MP: 7/11
  7216 | D:8      | Found an opulent altar of Gozag.
  7219 | D:8      | Found a basalt altar of Yredelemnul.
  7219 | D:8      | Found a glowing silver altar of Zin.
  7343 | D:8      | Found a transporter.
  7347 | D:8      | Found a transporter.
  7347 | D:8      | Noticed a boulder beetle
  7415 | D:8      | Noticed a two-headed ogre
  7419 | D:8      | Killed a two-headed ogre
  7420 | D:8      | Reached skill level 9 in Stealth
  7521 | D:9      | Found a staircase to the Lair.
  7524 | D:9      | Identified the +1 leather armour of Duck's Teeth {Fly MP+9
                  | Int+4}
  7684 | D:9      | Reached skill level 10 in Stealth
  7776 | D:9      | Reached skill level 11 in Stealth
  7834 | D:9      | Reached * piety under Dithmenos
  7882 | D:9      | Reached skill level 12 in Stealth
  7986 | D:9      | Found a blossoming altar of Fedhas.
  7988 | D:9      | Noticed a two-headed ogre
  7990 | D:9      | Found a stormy altar of Qazlal.
  7992 | D:9      | Killed a two-headed ogre
  7993 | D:9      | Reached skill level 13 in Stealth
  7993 | D:9      | Reached XP level 11. HP: 53/53 MP: 12/12
  8012 | D:9      | Found a runed translucent door.
  8012 | D:9      | Found a shimmering altar of Xom.
  8012 | D:9      | Noticed a +0 flail of chaos
  8012 | D:9      | Noticed hemabe71's ghost (novice HuAr)
  8444 | D:8      | Killed a boulder beetle
  8531 | Lair:1   | Entered Level 1 of the Lair of Beasts
  8551 | Lair:1   | Reached skill level 14 in Stealth
  8690 | Lair:1   | Reached skill level 15 in Stealth
  8865 | Lair:1   | Reached skill level 1 in Armour
  9358 | Lair:2   | Noticed Urug
  9444 | Lair:2   | Identified the +0 robe "Mukebbyi" {Rampage rC+}
  9519 | Lair:2   | Found a gate leading to a gauntlet.
  9529 | Gauntlet | Entered a Gauntlet
  9529 | Gauntlet | Found a transporter.
  9529 | Gauntlet | Found a transporter.
  9533 | Gauntlet | Found a transporter.
  9533 | Gauntlet | Found a transporter.
  9535 | Gauntlet | Noticed a wizard
  9546 | Gauntlet | Found a transporter.
  9557 | Gauntlet | Found a transporter.
  9565 | Gauntlet | Found a transporter.
  9565 | Gauntlet | Found a transporter.
  9567 | Gauntlet | Noticed a fire crab
  9567 | Gauntlet | Noticed a ghost crab
  9585 | Gauntlet | Found a transporter.
  9594 | Gauntlet | Found a transporter.
  9608 | Gauntlet | Found a transporter.
  9626 | Gauntlet | Found a transporter.
  9671 | Gauntlet | Found a transporter.
  9685 | Gauntlet | Found a transporter.
  9784 | Gauntlet | Found a transporter.
  9786 | Gauntlet | Noticed a catoblepas
  9798 | Gauntlet | Found a transporter.
 10213 | Gauntlet | Killed a wizard
 10322 | Gauntlet | Identified the ring "Unoolosi" {rElec rC+ rCorr Str+5
                  | Stlth+}
 10326 | Gauntlet | Noticed a spectral catoblepas
 10336 | Gauntlet | Noticed a spectral anaconda
 10341 | Gauntlet | Killed a ghost crab
 10342 | Gauntlet | Reached skill level 5 in Fighting
 10429 | Gauntlet | Noticed a minotaur
 10486 | Gauntlet | Killed a minotaur
 10498 | Gauntlet | Got the Grimoire of Stones and Conjuration
 10553 | Lair:2   | Reached XP level 12. HP: 46/60 MP: 13/13
 10602 | Lair:2   | Reached skill level 5 in Armour
 10669 | Lair:2   | Found a hole to the Spider Nest.
 10675 | Lair:2   | Noticed a five-headed hydra
 10680 | Lair:2   | Reached ** piety under Dithmenos
 10683 | Lair:2   | Killed a five-headed hydra
 10814 | Lair:2   | You fall into a shaft and drop 2 floors!
 10820 | Lair:4   | Noticed a seven-headed hydra
 10875 | Lair:4   | Noticed a seven-headed hydra
 10887 | Lair:4   | Killed a seven-headed hydra
 10888 | Lair:4   | Reached skill level 5 in Invocations
 10963 | Lair:3   | Noticed an eight-headed hydra
 10964 | Lair:3   | Killed an eight-headed hydra
 11234 | Lair:3   | Found a staircase to the Swamp.
 11888 | Lair:3   | Reached skill level 16 in Stealth
 12308 | Lair:2   | Killed Urug
 12386 | Lair:2   | Reached XP level 13. HP: 65/65 MP: 19/19
 12689 | Lair:2   | Reached skill level 1 in Maces & Flails
 13004 | Lair:4   | Reached *** piety under Dithmenos
 13092 | Lair:4   | Reached skill level 5 in Maces & Flails
 13224 | Lair:4   | Noticed Sonja
 13234 | Lair:4   | Killed Sonja
 13731 | Lair:5   | Found a staircase to the Slime Pits.
 13938 | Lair:5   | Reached **** piety under Dithmenos
 14409 | Lair:6   | Entered Level 6 of the Lair of Beasts
 14848 | Lair:6   | Reached XP level 14. HP: 68/70 MP: 20/20
 14872 | Lair:6   | Reached skill level 10 in Maces & Flails
 15199 | Lair:6   | Reached ***** piety under Dithmenos
 17200 | Lair:1   | Upgraded the game from 0.28-a0-6-g334057b17a to
                  | 0.28-a0-10-g964c8b829e
 17248 | D:9      | Killed hemabe71's ghost
 17420 | D:6      | Killed Slaatcain's ghost
 17421 | D:6      | Reached skill level 17 in Stealth
 17574 | D:10     | Entered Level 10 of the Dungeon
 17691 | D:10     | Found a radiant altar of Vehumet.
 17829 | D:10     | Paralysed by a hornet for 3 turns
 18142 | D:10     | Found a shimmering blue altar of Sif Muna.
 18918 | D:11     | Noticed Nergalle
 18923 | D:11     | Killed Nergalle
 18924 | D:11     | Reached skill level 1 in Shields
 18962 | D:11     | Found a staircase to the Orcish Mines.
 18969 | D:11     | Reached XP level 15. HP: 67/75 MP: 21/21
 19449 | D:12     | Noticed Snorg
 19462 | D:12     | Killed Snorg
 19505 | D:12     | Noticed Mitsuki's ghost (journeyman DECj)
 19521 | D:12     | Found a transporter.
 19536 | D:12     | Found a transporter.
 19657 | D:12     | Killed Mitsuki's ghost
 19691 | D:12     | Identified the +1 pair of gloves of the Endless Expanse
                  | {rF++ Will- Str+8 Int-5}
 19777 | D:12     | Reached ****** piety under Dithmenos
 20419 | Orc:1    | Entered Level 1 of the Orcish Mines
 20419 | Orc:1    | Found Hepatoq's Weapon Emporium.
 20749 | Orc:2    | Entered Level 2 of the Orcish Mines
 21425 | Orc:2    | Gained mutation: You sometimes lose the ability to read
                  | scrolls when taking damage. [a neqoxec]
 21668 | Orc:2    | Noticed an orc warlord
 21752 | Orc:2    | Killed an orc warlord
 21753 | Orc:2    | Reached skill level 18 in Stealth
 21902 | Orc:2    | Found a staircase to the Elven Halls.
 22000 | Orc:2    | Noticed an orc warlord
 22010 | Orc:2    | Killed an orc warlord
 22285 | Orc:2    | Found Fuymor's Distillery.
 22285 | Orc:2    | Found Ruffulash's Armour Boutique.
 22287 | Orc:2    | Found Qoadyuco's Antique Weapon Emporium.
 22287 | Orc:2    | Found Acloomuxt's Antique Weapon Boutique.
 22782 | D:13     | Found a gate to the Vaults.
 23038 | D:13     | Found a portal to a secret trove of treasure.
 23264 | D:14     | Reached XP level 16. HP: 84/84 MP: 22/22
 23528 | D:14     | Found a flagged portal.
 23537 | Bailey   | Entered a bailey
 23669 | Bailey   | Reached skill level 19 in Stealth
 23669 | Bailey   | Reached XP level 17. HP: 87/87 MP: 23/23
 25063 | D:15     | Entered Level 15 of the Dungeon
 25245 | D:15     | Found an ancient bone altar of Kikubaaqudgha.
 25417 | D:15     | Found a staircase to the Depths.
 26234 | Swamp:1  | Entered Level 1 of the Swamp
 26248 | Swamp:1  | Noticed Josephine
 26283 | Swamp:1  | Killed Josephine
 26389 | Swamp:1  | Reached skill level 15 in Maces & Flails
 27347 | Swamp:3  | Noticed a tentacled monstrosity
 27349 | Swamp:3  | Killed a tentacled monstrosity
 27404 | Swamp:3  | Noticed a tentacled monstrosity
 27417 | Swamp:3  | Killed a tentacled monstrosity
 27557 | Swamp:3  | Found a large runed translucent door.
 27557 | Swamp:3  | Found a large runed translucent door.
 27578 | Swamp:3  | Noticed Sobaecef's ghost (adept MiFi)
 27977 | Swamp:4  | Entered Level 4 of the Swamp
 28406 | Swamp:4  | Reached XP level 18. HP: 80/92 MP: 20/25
 28429 | Swamp:4  | Reached skill level 20 in Stealth
 28671 | Swamp:4  | Noticed Nikola
 28727 | Swamp:4  | Reached skill level 21 in Stealth
 28788 | Swamp:4  | Killed Nikola
 28860 | Swamp:4  | Got a decaying rune of Zot
 29260 | Spider:1 | Entered Level 1 of the Spider Nest
 31689 | Spider:3 | Reached XP level 19. HP: 96/96 MP: 27/27
 31710 | Spider:3 | Found a frozen archway.
 32145 | Spider:4 | Entered Level 4 of the Spider Nest
 32152 | Spider:4 | Reached skill level 10 in Invocations
 32393 | Spider:3 | HP: 3/96 [poisoned by an emperor scorpion]
 32394 | Spider:3 | Succumbed to an emperor scorpion's poison

Illustrated notes

Levels and vault maps discovered:
D:1:      minmay_arrival_open_corners, layout_basic,
          dreamdust_ecumenical_altar_grove
D:2:      layout_rooms
D:3:      layout_basic, nicolae_ru_path_of_blood,
          nicolae_wu_jian_immortal_techniques, dk_xom_monty_hall
D:4:      layout_basic, mainiacjoe_overflow_24_doors, serial_park_tiny_1,
          uniq_robin
D:5:      layout_loops_ring, minmay_misc_feat_cross
D:6:      layout_basic, temple_pool_b, gammafunk_ghost_necromancy, serial_shops,
          nicolae_shop_waterfront, nicolae_square_shop, uniq_crazy_yiuf_cottage
D:7:      layout_cave_pools, lemuel_tele_altar, uniq_menkaure, uniq_maggie,
          uniq_joseph
D:8:      gammafunk_boulding_lane, layout_rooms,
          chequers_temple_overflow_statue_of_worship,
          nicolae_overflow_hidden_temple
D:9:      layout_roguey, grunt_temple_overflow_forces_of_nature,
          lair_entry_dummy, ebering_ghost_xom
D:10:     layout_roguey, kennysheep_orc_sif_temple, vehumet_statue
D:11:     layout_cave_pods, orc_0_dummy, uniq_nergalle
D:12:     layout_roguey, gammafunk_ghost_hive, uniq_snorg
D:13:     layout_loops_corners, grunt_vaults_entry_tiered, serial_shops,
          bzr_entry_safe, enter_trove_1
D:14:     layout_gridville, enter_bailey_5, chequers_serial_rivers_micro_b
D:15:     grunt_enter_depths_giant_problem, layout_basic, eino_tiny_chamber,
          nicolae_kikubaaqudgha_miasma_corner
Temple:   kb_corrupted_temple
Lair:1:   layout_cave_pods
Lair:2:   layout_hall_layers, spider_nest_entry_funnel_web,
          gauntlet_entry_generic, enter_volcano_4,
          nicolae_quartered_pool_little, uniq_urug
Lair:3:   layout_cellular_growth, minmay_swamp_entry_eels
Lair:4:   layout_cave_shapes, minivault_11, uniq_sonja
Lair:5:   layout_gridlike, minmay_slime_entry_pillars, kennysheep_rathole
Lair:6:   guppyfry_lair_end_dragon, layout_small_grid,
          hangedman_lair_tendril_chambers, infiniplex_staircase_pool_2
Swamp:1:  layout_falls_marsh, evilmike_swamp_ruin_house_1, uniq_josephine
Swamp:2:  layout_basic_swamp, evilmike_swamp_ruin_rubble_1
Swamp:3:  layout_basic_swamp, ebering_ghost_disaster_area,
          evilmike_swamp_ruin_house_5
Swamp:4:  swamp_alternative, layout_basic_swamp, infiniplex_staircase_pool,
          uniq_nikola
Spider:1: layout_spider_delve
Spider:2: layout_spider_delve, nicolae_spider_eight_legs
Spider:3: layout_spider_delve, portal_ice_cave_entry_pillars_1,
          nicolae_spider_swamp_cousins
Spider:4: grunt_spider_rune_circles
Orc:1:    layout_caves, serial_shops, nicolae_shop_trees
Orc:2:    grunt_orc_tribal_feast, layout_caves, minmay_orc_barracks

Skill      XL: |  1  2  3  4  5  6  7  8  9 10 11 12 13 14 15 16 17 18 19 |
---------------+----------------------------------------------------------+-----
Throwing       | 2 3 4 5 6 |  6.1
Short Blades   | 4 6 8 10 | 10.3
Fighting       | 3 4 5 6 7 9 |  9.1
Stealth        | 6 13 15 16 17 18 19 21 | 21.2
Armour         | 4 5 9 |  9.0
Invocations    | 7 8 9 10 | 10.6
Maces & Flails | 9 12 13 16 | 16.0
Shields        | 1 4 |  4.0
Dodging        | |  0.7

Action                   |  1- 3 |  4- 6 |  7- 9 | 10-12 | 13-15 | 16-18 | 19-21 || total
-------------------------+-------+-------+-------+-------+-------+-------+-------++-------
Melee: Dagger            |    60 |   107 |   175 |   395 |  1114 |   207 |     7 ||  2065
       Bite              |    14 |    32 |    67 |   142 |   695 |   381 |    32 ||  1363
       Eveningstar       |       |       |       |       |   405 |   656 |    80 ||  1141
Throw: Dart              |    35 |    39 |    81 |    45 |   105 |     3 |       ||   308
       Javelin           |       |       |     2 |       |       |     6 |     2 ||    10
       Throwing net      |       |       |     1 |     1 |     1 |       |       ||     3
       Boomerang         |       |       |       |    12 |       |       |       ||    12
Invok: Shadow Step       |       |       |       |       |     1 |     8 |       ||     9
Evoke: Wand              |       |       |     5 |     2 |     2 |     1 |       ||    10
       Phantom mirror    |       |       |       |     1 |       |       |       ||     1
  Use: Scroll            |       |       |     8 |     9 |    11 |    12 |     1 ||    41
       Potion            |       |       |       |     5 |       |     3 |       ||     8
 Stab: Sleeping          |     6 |     5 |     5 |    38 |    89 |    76 |    10 ||   229
       Distracted        |       |     1 |     2 |     9 |    30 |    18 |       ||    60
       Invisible         |       |       |       |     2 |     7 |       |       ||     9
       Held in net/web   |       |       |       |     1 |     2 |       |       ||     3
       Petrifying        |       |       |       |       |     2 |       |       ||     2
       Confused          |       |       |       |       |       |     1 |       ||     1
Armor: Robe              |    17 |    14 |    20 |       |       |       |       ||    51
       Swamp dragon scal |       |       |    23 |   111 |   447 |   485 |   103 ||  1169
Dodge: Dodged            |    25 |    49 |    79 |   127 |   444 |   376 |    76 ||  1176
Block: Other             |       |       |       |       |    45 |       |       ||    45
       Buckler           |       |       |       |       |   232 |   314 |    28 ||   574
       Reflection        |       |       |       |       |     8 |     4 |       ||    12

Table legend: (Time is in decaauts)
 A = Elapsed time spent in this place.
 B = Non-inter-level travel time spent in this place.
 C = Inter-level travel time spent in this place.
 D = Time resting spent in this place.
 E = Time spent auto-exploring this place.
 F = Levels seen in this place.
 G = Mean time per level.
                   A        B        C        D        E       F      G
               +--------+--------+--------+--------+--------+-----+--------+
         Total |  31552 |  28286 |   3266 |   2163 |  18011 |  34 |  928.0 |
       Dungeon |  14587 |  12468 |   2119 |   1108 |   8732 |  15 |  972.5 |
        Temple |    136 |    118 |     18 |      0 |    111 |   1 |  136.0 |
          Lair |   7435 |   6815 |    620 |    379 |   4307 |   6 | 1239.2 |
         Swamp |   3087 |   2891 |    196 |    237 |   1743 |   4 |  771.8 |
   Spider Nest |   3037 |   2829 |    208 |    225 |   1760 |   4 |  759.2 |
  Orcish Mines |   1898 |   1794 |    104 |     98 |    896 |   2 |  949.0 |
        Bailey |    415 |    415 |      0 |     82 |    109 |   1 |  415.0 |
      Gauntlet |    954 |    954 |      0 |     33 |    352 |   1 |  954.0 |
               +--------+--------+--------+--------+--------+-----+--------+

Top non-repeatable levels by time:
  Lair:6: 2367 daAuts
     D:6: 1589 daAuts
   Orc:2: 1575 daAuts
  Lair:2: 1269 daAuts
     D:9: 1257 daAuts
    D:13: 1159 daAuts
  Lair:3: 1144 daAuts
 Swamp:4: 1123 daAuts
Spider:3: 1105 daAuts
  Lair:1: 1067 daAuts
     D:2: 1049 daAuts
Spider:1: 994 daAuts
    D:15: 986 daAuts
     D:5: 966 daAuts
     D:3: 957 daAuts
